 Dungeon Crawl Stone Soup version 0.28-a0-706-gf6f64a616a (webtiles) character file.

Game seed: 138477072877912256

131 ytrimaz the Covered (level 5, 0/42 HPs)
             Began as a Formicid Fighter on Oct 24, 2021.
             Slain by an orc priest (3 damage)
             ... on level 3 of the Dungeon.
             The game lasted 00:02:53 (2423 turns).

ytrimaz the Covered (Formicid Fighter)              Turns: 2423, Time: 00:02:54

Health: 0/42       AC: 14    Str: 21 (22) XL:     5   Next: 37%
Magic:  5/5        EV:  9    Int:  4 (7)  God:
Gold:   98         SH:  4    Dex:  9 (10) Spells: 4/4 levels left

rFire   . . .      SeeInvis +   l - +6 dire flail (protect)
rCold   . . .      Faith    +   c - +0 buckler
rNeg    . . .      Spirit   .   b - +0 scale mail
rPois   .          Reflect  .   (helmet unavailable)
rElec   .          Harm     .   (no cloak)
rCorr   .          Rampage  .   (no gloves)
Will    .....                   (no boots)
Stlth   ..........              h - amulet of faith
HPRegen 0.14/turn               (no ring)
MPRegen 0.09/turn               (no ring)

@: brilliant, under a protective aura
A: permanent stasis, dig shafts and tunnels, antennae 3, four strong arms
a: Dig, Shaft Self


You were on level 3 of the Dungeon.
You visited 1 branch of the dungeon, and saw 3 of its levels.

You collected 217 gold pieces.
You spent 119 gold pieces at shops.

Inventory:

Hand Weapons
 a - a +0 war axe
 l - a +6 dire flail of protection (weapon)
Armour
 b - a +0 scale mail (worn)
 c - a +0 buckler (worn)
Jewellery
 h - an amulet of faith (around neck)
Scrolls
 i - a scroll of identify {unknown}
 j - a scroll of amnesia
Potions
 d - a potion of might


   Skills:
 * Level 4.2 Fighting
 - Level 3.2(3.4) Axes
 * Level 1.2(2.4) Maces & Flails
 * Level 4.4 Armour
 - Level 3.6 Shields


You had 4 spell levels left.
You didn't know any spells.
Your spell library contained the following spells:

 Spells                   Type           Power      Damage    Failure   Level
 Passwall                 Tmut/Erth      0%         N/A       92%         2
 Invisibility             Hex            0%         N/A       100%        6
 Swiftness                Air            Unusable   N/A       N/A         3

Dungeon Overview and Level Annotations

Branches:
Dungeon (3/15)

Altars:

Shops:
D:2 (


Innate Abilities, Weirdness & Mutations

You cannot be hasted, slowed, berserked, paralysed or teleported.
You can dig through walls and to a lower floor.
You have a pair of large antennae on your head. (SInv)
Your four strong arms can wield two-handed weapons with a shield.


Message History

The orc hits you but does no damage. You block the orc's attack.
You block the goblin's attack. The orc priest barely misses you.
The orc hits you with a +0 hand axe. The orc hits you but does no damage.
Unknown command.
You hit the orc priest but do no damage.
Your weapon exudes an aura of protection.
The orc priest is lightly wounded.
The orc barely misses you. The orc hits you with a +0 mace.
The goblin closely misses you. The orc priest barely misses you.
The orc hits you but does no damage. x2
Unknown command.
You hit the orc priest but do no damage.
The orc priest is lightly wounded.
The orc hits you but does no damage. You block the orc's attack.
The goblin closely misses you. The orc hits you but does no damage.
The orc priest invokes the aid of Beogh against you.
Beogh smites you!
* * * LOW HITPOINT WARNING * * *
The orc barely misses you. The orc hits you but does no damage.
Press: ? - help, v - describe, . - travel
Here: an orc priest, wielding a +1 mace of protection and wearing a +0 chain mail (lightly wounded)
The floor.
Unknown command.
It was a potion of degeneration.
There was something very wrong with that liquid.
You feel weakened.
You feel dopey.
You feel clumsy. The goblin hits you but does no damage.
The orc hits you but does no damage. You block the orc priest's attack.
The orc closely misses you. The orc hits you but does no damage. x2
It was a potion of curing.
You feel better. The goblin barely misses you. You block the orc's attack.
The orc priest hits you with a +1 mace of protection.
* * * LOW HITPOINT WARNING * * *
The orc hits you but does no damage. The orc closely misses you.
You block the orc's attack.
It was a potion of brilliance.
You feel clever all of a sudden. The goblin hits you but does no damage.
The orc hits you but does no damage.
The orc priest hits you with a +1 mace of protection.
You die...

..#.# #................##.#.#
###.# ##....#####......##.#.#
###.####....#####......##.#.#
.......'....+...'....†.....>#
########....#####......##.###
)......................+..#
....#############......####
....# ......oo...<..# ....#
......o@g###### ....#
.?....oo.# .#### .........#
.# .........# .# .........#
## .........# ..........
..........


You could see an orc priest, 4 orcs and a goblin.

Vanquished Creatures
  An iguana (D:2)
  An orc wizard (D:2)
  An adder (D:2)
  A worm (D:2)
  3 dart slugs
  5 orcs
  4 endoplasms
  A giant cockroach (D:2)
  3 goblins
  3 hobgoblins
  13 jackals
  7 ball pythons
  2 bats (D:1)
  4 frilled lizards
  4 kobolds
  5 rats
58 creatures vanquished.

Vanquished Creatures (others)
  3 demonic plants (D:1)
  2 fungi (D:1)
  A plant (D:1)
6 creatures vanquished.

Grand Total: 64 creatures vanquished

Notes
Turn   | Place    | Note
-------+----------+-------------------------------------------
     0 | D:1      | ytrimaz the Formicid Fighter began the quest for the Orb.
     0 | D:1      | Reached XP level 1. HP: 18/18 MP: 1/1
   123 | D:1      | Reached XP level 2. HP: 23/24 MP: 2/2
   394 | D:1      | Found a faded altar of an unknown god.
   634 | D:1      | Reached XP level 3. HP: 23/30 MP: 3/3
  1006 | D:2      | Reached XP level 4. HP: 37/37 MP: 4/4
  1029 | D:2      | Found Xuusy's Antique Weapon Shoppe.
  1052 | D:2      | Bought a runed dire flail for 119 gold pieces
  1350 | D:2      | Reached XP level 5. HP: 24/42 MP: 5/5
  2123 | D:3      | Reached skill level 1 in Maces & Flails
  2420 | D:3      | HP: 1/42 [orc priest/divine providence (12)]
  2423 | D:3      | Slain by an orc priest

Illustrated notes

Levels and vault maps discovered:
D:1:      dpeg_arrival_short_road, layout_basic, shapermc_ecumenical_altar_gd,
          serial_bayou_pond_a, serial_bayou_ford_a, minmay_ruptured
D:2:      layout_basic, serial_shops, shop_coins
D:3:      wander_river, layout_basic, kennysheep_path_1

Skill      XL: |  1  2  3  4  5 |
---------------+----------------+-----
Fighting       | 4 |  4.2
Axes           | 3 |  3.2
Armour         | 4 |  4.4
Maces & Flails | 1 |  1.2
Shields        | |  3.6

Action                   |  1- 3 |  4- 6 || total
-------------------------+-------+-------++-------
Melee: War axe           |    79 |     7 ||    86
       Dire flail        |       |    66 ||    66
 Abil: Dig               |       |     2 ||     2
  Use: Scroll            |     2 |     4 ||     6
       Potion            |       |     3 ||     3
Armor: Scale mail        |    41 |    69 ||   110
Dodge: Dodged            |    39 |    69 ||   108
Block: Buckler           |    20 |    33 ||    53

Table legend: (Time is in decaauts)
 A = Elapsed time spent in this place.
 B = Non-inter-level travel time spent in this place.
 C = Inter-level travel time spent in this place.
 D = Time resting spent in this place.
 E = Time spent auto-exploring this place.
 F = Levels seen in this place.
 G = Mean time per level.
                   A        B        C        D        E       F      G
               +--------+--------+--------+--------+--------+-----+--------+
         Total |   2475 |   2405 |     70 |      0 |   1850 |   3 |  825.0 |
       Dungeon |   2475 |   2405 |     70 |      0 |   1850 |   3 |  825.0 |
               +--------+--------+--------+--------+--------+-----+--------+

Top non-repeatable levels by time:
     D:2: 1297 daAuts
     D:1: 737 daAuts
     D:3: 440 daAuts
